 Dungeon Crawl Stone Soup version 0.28-a0-589-g333b8329f1 (webtiles) character file.

Game seed: 17007398386333382239

389 Demosthentine the Poker (level 6, -2/48 HPs)
             Began as a Merfolk Gladiator on Oct 4, 2021.
             Was an Initiate of the Shining One.
             Slain by a worm (4 damage)
             ... in a sewer.
             The game lasted 00:01:53 (2922 turns).

Demosthentine the Poker (Merfolk Gladiator)         Turns: 2922, Time: 00:01:54

Health: -2/48      AC:  5    Str: 16    XL:     6   Next: 79%
Magic:  6/6        EV: 17    Int:  8    God:    the Shining One [......]
Gold:   59         SH:  0    Dex: 15    Spells: 5/5 levels left

rFire   . . .      SeeInvis .   a - +0 trident
rCold   . . .      Faith    .   (no shield)
rNeg    . . .      Spirit   .   b - +0 leather armour
rPois   .          Reflect  .   c - +1 helmet
rElec   .          Harm     .   (no cloak)
rCorr   .          Rampage  .   (no gloves)
Will    .....                   (boots currently unavailable)
Stlth   +.........              (no amulet)
HPRegen 0.16/turn               (no ring)
MPRegen 0.10/turn               (no ring)

@: attractive, slowed, glowing, quick
A: nimble swimmer 2, mertail
a: Renounce Religion


You were in a sewer.
You worshipped the Shining One.
The Shining One was noncommittal.
You visited 1 branch of the dungeon, and saw 3 of its levels.
You also visited: Sewer.

You collected 59 gold pieces.

Inventory:

Hand Weapons
 a - a +0 trident (weapon)
Missiles
 d - a throwing net (quivered)
Armour
 b - a +0 leather armour (worn)
 c - a +1 helmet (worn)
Jewellery
 g - a +4 ring of protection
 h - an amulet of guardian spirit
Scrolls
 e - a scroll of enchant armour
 i - a scroll of holy word {unknown}
 j - a scroll of identify {unknown}


   Skills:
 + Level 4.2 Fighting
 + Level 6.5 Polearms
 - Level 2.0 Throwing
 + Level 2.2 Armour
 + Level 5.9 Dodging


You had 5 spell levels left.
You didn't know any spells.
Your spell library contained the following spells:

 Spells                   Type           Power      Damage    Failure   Level
 Freeze                   Ice            0%         1d3       47%         1
 Static Discharge         Conj/Air       0%         N/A       63%         2
 Frozen Ramparts          Ice            0%         1d2       85%         3
 Dispel Undead            Necr           0%         3d6       99%         4
 Hailstorm                Conj/Ice       0%         3d3       99%         4
 Sticky Flame             Conj/Fire      0%         2d3       99%         4
 Summon Forest            Summ/Tloc      0%         N/A       100%        5
 Eringya's Noxious Bog    Tmut/Pois      0%         N/A       100%        6
 Summon Hydra             Summ           0%         N/A       100%        7


Dungeon Overview and Level Annotations

Branches:
Dungeon (3/15)              Sewer (1/1)

Altars:
Makhleb
Vehumet
The Shining One


Innate Abilities, Weirdness & Mutations

You are quick and stealthy near water. (Stealth+, EV+, Speed+++)
Your lower body shifts to a powerful aquatic tail in water.


Message History

The kobold brigand splashes around in the water.
You hit the kobold brigand but do no damage.
The kobold brigand is heavily wounded.
The kobold brigand completely misses you.
The worm bites you.
You barely miss the kobold brigand.
The kobold brigand is heavily wounded.
The kobold brigand hits you with a +0 whip!
* * * LOW HITPOINT WARNING * * *
The worm bites you.
* * * LOW HITPOINT WARNING * * *
The kobold brigand barely misses you.
You barely miss the kobold brigand.
The kobold brigand is heavily wounded.
The kobold brigand closely misses you. The worm misses you.
You hit the kobold brigand.
The kobold brigand is heavily wounded.
The kobold brigand hits you with a +0 whip.
* * * LOW HITPOINT WARNING * * *
The kobold brigand hits you with a +0 whip.
* * * LOW HITPOINT WARNING * * *
The worm bites you. The Shining One protects you from harm!
Throw: 3 throwing nets
Press: ? - help, Q - select action Shift-Dir - straight line, f/p - kobold brigand
Aim: a kobold brigand, wielding a +0 whip and quivering curare-tipped darts (heavily wounded, 55% to hit)
You throw a throwing net.
The throwing net closely misses the kobold brigand.
The kobold brigand splashes around in the water.
Throw: 2 throwing nets
Press: ? - help, Q - select action Shift-Dir - straight line, f/p - kobold brigand
Aim: a kobold brigand, wielding a +0 whip and quivering curare-tipped darts (heavily wounded, 55% to hit)
You throw a throwing net.
The throwing net hits the kobold brigand.
The kobold brigand is caught in the net!
The kobold brigand is heavily wounded.
You hear a splash.
The kobold brigand struggles against the net.
The worm bites you.
You die...

####### #.≈†≈.#####
#####≈≈≈≈.#######
#.≈†≈≈###≈≈.....##
####### #.≈..≈.≈≈# #
#(≈K@.###≈≈≈..≈..####
#####w≈≈≈≈####.≈≈≈##.
#.≈w≈≈##### ##≈...≈.
####### ##≈≈≈≈.
#.≈≈.. #.≈.≈. #≈≈≈.≈
####### ##≈≈≈≈.
#.≈≈†.##### ##.≈≈≈≈.


You could see a kobold brigand (caught) and a worm.

Vanquished Creatures
  4 kobold brigands (Sewer)
  A crimson imp (D:3)
  2 adders
  4 worms
  A dart slug (D:1)
  An orc (D:3)
  7 bats
  2 endoplasms
  3 giant cockroaches (D:3)
  8 goblins
  7 kobolds
  2 quokkas (D:2)
  7 ball pythons
  3 frilled lizards
  8 rats
60 creatures vanquished.

Notes
Turn   | Place    | Note
-------+----------+-------------------------------------------
     0 | D:1      | Demosthentine the Merfolk Gladiator began the quest for the
                  | Orb.
     0 | D:1      | Reached XP level 1. HP: 16/16 MP: 1/1
   201 | D:1      | Reached XP level 2. HP: 23/23 MP: 2/2
   780 | D:2      | Reached XP level 3. HP: 28/28 MP: 3/3
  1335 | D:2      | Reached skill level 5 in Polearms
  1368 | D:2      | Reached skill level 1 in Armour
  1860 | D:3      | Found a glowing golden altar of the Shining One.
  1870 | D:3      | Became a worshipper of the Shining One
  1892 | D:3      | Reached XP level 4. HP: 35/35 MP: 4/4
  2040 | D:3      | Found a radiant altar of Vehumet.
  2041 | D:3      | Found a burning altar of Makhleb.
  2072 | D:3      | Reached skill level 5 in Dodging
  2079 | D:3      | Found a glowing drain.
  2083 | Sewer    | Entered a sewer
  2202 | Sewer    | Noticed a kobold brigand
  2226 | Sewer    | Killed a kobold brigand
  2227 | Sewer    | Reached XP level 5. HP: 10/41 MP: 5/5
  2492 | Sewer    | Noticed a kobold brigand
  2514 | Sewer    | Killed a kobold brigand
  2515 | Sewer    | Reached skill level 6 in Polearms
  2515 | Sewer    | Reached XP level 6. HP: 31/48 MP: 6/6
  2915 | Sewer    | HP: 2/48 [kobold brigand (3)]
  2920 | Sewer    | HP: 2/48 [kobold brigand (6)]
  2920 | Sewer    | The Shining One protects you from harm!
  2922 | Sewer    | Slain by a worm

Illustrated notes

Levels and vault maps discovered:
D:1:      mushboom_english_gardens, layout_basic
D:2:      wad_lake_hut, layout_basic
D:3:      layout_basic, lemuel_crystal_altar,
          grunt_temple_overflow_lords_of_destruction, gup_sewer_entry_bowl,
          minivault_11
Sewer:    sewer_co_tree

Skill      XL: |  1  2  3  4  5  6 |
---------------+-------------------+-----
Polearms       | 5 6 |  6.5
Armour         | 1 2 |  2.2
Fighting       | 3 4 |  4.2
Dodging        | 5 |  5.9
Throwing       | |  2.0

Action                   |  1- 3 |  4- 6 || total
-------------------------+-------+-------++-------
Melee: Trident           |    96 |   118 ||   214
       Tailslap          |       |    11 ||    11
Throw: Throwing net      |       |     2 ||     2
  Use: Scroll            |     1 |       ||     1
       Potion            |       |     2 ||     2
Armor: Leather armour    |    19 |     5 ||    24
Dodge: Dodged            |    42 |    45 ||    87

Table legend: (Time is in decaauts)
 A = Elapsed time spent in this place.
 B = Non-inter-level travel time spent in this place.
 C = Inter-level travel time spent in this place.
 D = Time resting spent in this place.
 E = Time spent auto-exploring this place.
 F = Levels seen in this place.
 G = Mean time per level.
                   A        B        C        D        E       F      G
               +--------+--------+--------+--------+--------+-----+--------+
         Total |   2842 |   2825 |     17 |      0 |   2371 |   4 |  710.5 |
       Dungeon |   2052 |   2035 |     17 |      0 |   1714 |   3 |  684.0 |
         Sewer |    790 |    790 |      0 |      0 |    657 |   1 |  790.0 |
               +--------+--------+--------+--------+--------+-----+--------+

Top non-repeatable levels by time:
     D:2: 889 daAuts
   Sewer: 790 daAuts
     D:1: 763 daAuts
     D:3: 399 daAuts
